 Dungeon Crawl Stone Soup version 0.26-a0-651-gb41185065b (webtiles) character file.

Game seed: 2837305976735910691

1503 raph the Cleaver (level 8, 0/68 HPs)
             Began as a Deep Dwarf Fighter on Oct 21, 2020.
             Was an Initiate of Elyvilon.
             Killed from afar by Dowan (6 damage)
             ... with a puff of frost
             ... on level 5 of the Dungeon.
             The game lasted 00:11:15 (5292 turns).

raph the Cleaver (Deep Dwarf Fighter)               Turns: 5292, Time: 00:11:15

Health: 0/68       AC: 11    Str: 20    XL:     8   Next: 52%
Magic:  8/8        EV:  9    Int:  9    God:    Elyvilon [......]
Gold:   191        SH: 11    Dex: 14    Spells: 7/7 levels left

rFire    . . .     SeeInvis .   a - +1 war axe
rCold    . . .     Faith    .   c - +0 kite shield
rNeg     + . .     Spirit   .   n - +3 ring mail
rPois    .         Reflect  .   (no helmet)
rElec    .         Harm     .   u - +2 cloak
rCorr    .         Rampage  .   (no gloves)
MR       +....                  (no boots)
Stlth    +.........             (no amulet)
HPRegen  0.00/turn              q - +4 ring of slaying
MPRegen  0.11/turn              r - ring of positive energy

@: mighty, non-regenerating
A: damage resistance, heal wounds, sense surroundings 1, no regeneration
a: Heal Wounds, Renounce Religion


You were on level 5 of the Dungeon.
You worshipped Elyvilon.
Elyvilon was noncommittal.
You visited 1 branch of the dungeon, and saw 5 of its levels.
You also visited: Sewer.

You collected 191 gold pieces.

Inventory:

Hand Weapons
 a - a +1 war axe (weapon)
 b - a +0 hand crossbow
Missiles
 p - 3 bolts
Armour
 c - a +0 kite shield (worn)
 m - a +0 scale mail
 n - a +3 ring mail (worn)
 u - a +2 cloak (worn)
Jewellery
 q - a +4 ring of slaying (left hand)
 r - a ring of positive energy (right hand)
Wands
 v - a wand of flame (22)
Scrolls
 g - 3 scrolls of amnesia
 h - 2 scrolls of teleportation
 j - 3 scrolls of remove curse
 l - 2 scrolls of identify
 s - a scroll of magic mapping
Potions
 e - a potion of resistance
 f - a potion of mutation
 i - 2 potions of curing
 k - a potion of ambrosia {unknown}
 o - 2 potions of haste {unknown}
 t - a potion of degeneration {unknown}
 w - a potion of brilliance {unknown}


   Skills:
 - Level 2.7 Fighting
 * Level 9.8 Axes
 - Level 3.3 Armour
 + Level 7.5 Shields


You had 7 spell levels left.
You didn't know any spells.
Your spell library was empty.

Dungeon Overview and Level Annotations

Branches:
Dungeon (5/15)             Temple (0/1) D:5           Sewer (visited)

Altars:
Elyvilon
Wu Jian
Yredelemnul

Shops:
D:5 [

Annotations:
D:5 3 runed translucent doors, Dowan; Duvessa; p0werm0de's ghost, novice DDFi


Innate Abilities, Weirdness & Mutations

You are resistant to damage.
You can heal yourself by infusing magical energy.
You passively map a small area around you.
You do not regenerate.


Message History

* * * LOW HITPOINT WARNING * * *
Duvessa drinks a potion.
Duvessa is healed!
Dowan hits you but does no damage.
You slice Duvessa!!
Duvessa is almost dead.
You slice the ogre!!
You kill the ogre!
You slash Dowan! Duvessa hits you but does no damage.
Dowan hits you but does no damage.
You barely miss Duvessa.
Duvessa is almost dead.
You hit Dowan.
Duvessa hits you with a cursed +0 short sword.
* * * LOW HITPOINT WARNING * * *
Dowan hits you but does no damage.
You barely miss Duvessa.
Duvessa is almost dead.
You closely miss Dowan. You block Duvessa's attack. Dowan casts a spell at you.
The puff of frost hits you!
You die...

.#
##.###### *
, #......#
*
######.#*,*
* #.# #.# *
#.# , *
#.#* * *
##)##.####
#.@e......
,
#e.##.####
** * #..#*
# * ,
...#,, ,
,,...## *
** *#####
,* , * ,


You could see Duvessa and Dowan.

Vanquished Creatures
  A sky beast (D:5)
  5 ogres
  4 wights (D:4)
  7 orc priests (D:4)
  2 hounds
  2 jellies (D:5)
  Crazy Yiuf (D:4)
  A bullfrog skeleton (D:5)
  3 worker ants
  4 orc wizards (D:4)
  2 worker ant zombies (D:5)
  10 adders
  An ufetubus (D:5)
  3 oozes
  4 dart slugs
  2 leopard geckos
  13 orcs
  7 bats
  6 giant cockroaches
  8 goblins
  7 hobgoblins
  7 jackals (Sewer)
  3 quokkas
  6 ball pythons
  6 frilled lizards
  A jackal zombie (D:5)
  15 kobolds
  6 rats
137 creatures vanquished.

Vanquished Creatures (others)
  5 fungi (D:4)
  19 plants (Sewer)
24 creatures vanquished.

Grand Total: 161 creatures vanquished

Notes
Turn   | Place    | Note
-------+----------+-------------------------------------------
     0 | D:1      | raph the Deep Dwarf Fighter began the quest for the Orb.
     0 | D:1      | Reached XP level 1. HP: 20/20 MP: 1/1
   323 | D:1      | Reached XP level 2. HP: 25/27 MP: 2/2
   364 | D:1      | Reached skill level 3 in Axes
   899 | D:2      | Found a basalt altar of Yredelemnul.
  1077 | D:2      | Reached XP level 3. HP: 26/33 MP: 3/3
  1515 | D:2      | Reached skill level 4 in Axes
  1651 | D:2      | Reached XP level 4. HP: 30/40 MP: 4/4
  2081 | D:3      | Found a glowing drain.
  2098 | Sewer    | Entered a sewer
  2303 | Sewer    | Reached XP level 5. HP: 26/46 MP: 5/5
  2379 | Sewer    | Reached skill level 5 in Axes
  3407 | D:4      | Reached skill level 5 in Shields
  3407 | D:4      | Reached XP level 6. HP: 48/55 MP: 6/6
  3414 | D:4      | Reached skill level 6 in Axes
  3672 | D:4      | Found an ornate altar of the Wu Jian Council.
  3696 | D:4      | Reached skill level 7 in Axes
  3696 | D:4      | Reached XP level 7. HP: 9/61 MP: 7/7
  4205 | D:4      | Reached skill level 8 in Axes
  4644 | D:4      | Reached XP level 8. HP: 30/68 MP: 8/8
  5008 | D:4      | Found a runed translucent door.
  5009 | D:4      | Noticed Crazy Yiuf
  5018 | D:4      | Killed Crazy Yiuf
  5058 | D:5      | Entered Level 5 of the Dungeon
  5058 | D:5      | Found a white marble altar of Elyvilon.
  5073 | D:5      | Became a worshipper of Elyvilon the Healer
  5134 | D:5      | Found a staircase to the Ecumenical Temple.
  5143 | D:5      | Reached skill level 9 in Axes
  5214 | D:5      | Found Quw Peot's Armour Shop.
  5243 | D:5      | Found a runed translucent gate.
  5243 | D:5      | Found a runed translucent gate.
  5243 | D:5      | Found a runed translucent gate.
  5248 | D:5      | Noticed p0werm0de's ghost (novice DDFi)
  5281 | D:5      | Noticed Duvessa
  5281 | D:5      | Noticed Dowan
  5292 | D:5      | Killed from afar by Dowan

Illustrated notes

Levels and vault maps discovered:
D:1:      psy_arrival_conway, layout_basic
D:2:      layout_loops_corners, old_standard_altar, minmay_hedge_maze,
          chequers_serial_rivers_micro_a, minmay_tetromino_o4
D:3:      layout_loops_ring, portal_sewer_entry_b, minmay_crystal_room
D:4:      layout_basic, overflow_temple_1_default, uniq_crazy_yiuf_cottage
D:5:      layout_loops_ring, nicolae_overflow_crystal_walls,
          minmay_temple_entry_glass, gammafunk_ghost_necromancy,
          enter_ossuary_1, serial_shops, shop, roderic_serpentine_path,
          uniq_duvessa

Skill      XL: |  1  2  3  4  5  6  7  8 |
---------------+-------------------------+-----
Axes           | 3 4 5 7 8 9 |  9.8
Shields        | 4 5 6 7 |  7.5
Fighting       | |  2.7
Armour         | |  3.3

Action                   |  1- 3 |  4- 6 |  7- 9 || total
-------------------------+-------+-------+-------++-------
Melee: War axe           |   104 |   151 |   115 ||   370
 Fire: Hand crossbow     |       |       |    12 ||    12
Throw: Throwing net      |       |       |     1 ||     1
 Abil: Heal Wounds       |       |       |     4 ||     4
  Use: Scroll            |       |     8 |     2 ||    10
       Potion            |       |     2 |     1 ||     3
Armor: Scale mail        |    23 |       |       ||    23
       Ring mail         |    24 |    66 |    39 ||   129
Dodge: Dodged            |    49 |    46 |    23 ||   118
Block: Kite shield       |    60 |    66 |    40 ||   166

Table legend: (Time is in decaauts)
 A = Elapsed time spent in this place.
 B = Non-inter-level travel time spent in this place.
 C = Inter-level travel time spent in this place.
 D = Time resting spent in this place.
 E = Time spent auto-exploring this place.
 F = Levels seen in this place.
 G = Mean time per level.
                   A        B        C        D        E       F      G
               +--------+--------+--------+--------+--------+-----+--------+
         Total |   5549 |   5335 |    214 |   1259 |   2763 |   6 |  924.8 |
       Dungeon |   4635 |   4421 |    214 |   1058 |   2224 |   5 |  927.0 |
         Sewer |    913 |    913 |      0 |    201 |    538 |   1 |  913.0 |
               +--------+--------+--------+--------+--------+-----+--------+

Top non-repeatable levels by time:
     D:4: 1700 daAuts
     D:2: 1183 daAuts
   Sewer: 913 daAuts
     D:3: 775 daAuts
     D:1: 737 daAuts
     D:5: 238 daAuts
